 Dungeon Crawl Stone Soup version 0.22-a0-307-g2b15929 (webtiles) character file.

259 xccam the Chopper (level 6, -4/47 HPs)
             Began as a Formicid Fighter on Apr 1, 2018.
             Slain by a gnoll
             ... wielding a +0 spear
              (5 damage)
             ... on level 3 of the Dungeon.
             The game lasted 00:03:31 (1691 turns).

xccam the Chopper (Formicid Fighter)                Turns: 1691, Time: 00:03:32

Health: -4/47      AC:  6    Str: 23    XL:     6   Next: 40%
Magic:  6/6        EV:  8    Int:  7    God:
Gold:   151        SH:  9    Dex: 10    Spells: 5/5 levels left

rFire    + . .     SeeInvis +   a - +0 war axe
rCold    . . .     Gourm    .   c - +0 shield
rNeg     . . .     Faith    .   b - +0 scale mail
rPois    .         Spirit   .   (helmet unavailable)
rElec    .         Reflect  .   (no cloak)
rCorr    .         Harm     .   (no gloves)
MR       .....                  (no boots)
Stlth    ..........             (no amulet)
HPRegen  0.15/turn              s - ring of protection from fire
MPRegen  0.10/turn              (no ring)

@: no status effects
A: permanent stasis, dig shafts and tunnels, four strong arms, antennae 3
a: Dig, Shaft Self


You were on level 3 of the Dungeon.
You were not hungry.

You visited 1 branch of the dungeon, and saw 3 of its levels.

You collected 151 gold pieces.

Inventory:

Hand Weapons
 a - a +0 war axe (weapon)
Armour
 b - a +0 scale mail (worn)
 c - a +0 shield (worn)
Jewellery
 s - a ring of protection from fire (left hand)
Wands
 m - a wand of polymorph (5)
Scrolls
 e - 2 scrolls of remove curse {unknown}
 g - 3 scrolls of identify {unknown}
 j - a scroll of fog {unknown}
 l - 2 scrolls of amnesia {unknown}
Potions
 d - a potion of heal wounds {unknown}
 h - a potion of resistance {unknown}
 i - a potion of haste {unknown}
 k - a potion of degeneration {unknown}
 n - a potion of cancellation {unknown}
 o - a potion of mutation {unknown}
 p - a potion of ambrosia {unknown}
 q - a potion of brilliance {unknown}
 t - a potion of curing {unknown}
Comestibles
 f - 3 rations
 r - 2 chunks of flesh


   Skills:
 - Level 3.2 Fighting
 + Level 6.3 Axes
 - Level 3.2 Armour
 - Level 3.6 Shields


You had 5 spell levels left.
You didn't know any spells.

Dungeon Overview and Level Annotations

Branches:
Dungeon (3/15)

Altars:
Gozag
Qazlal


Innate Abilities, Weirdness & Mutations

You cannot be hasted, slowed, berserked, paralysed or teleported.
You can dig through walls and to a lower floor.
Your four strong arms can wield two-handed weapons with a shield.
You have a pair of large antennae on your head. (SInv)


Message History

The gnoll closely misses you. The gnoll hits you but does no damage.
The gnoll hits you but does no damage. The gnoll barely misses you.
You see here a gnoll corpse.
You hit the gnoll.
The gnoll is moderately wounded.
You hit the gnoll but do no damage. The gnoll barely misses you. x2
Unknown command.
You barely miss the gnoll.
The gnoll is moderately wounded.
You hit the gnoll but do no damage. The gnoll closely misses you.
The gnoll hits you with a halberd!
* * * LOW HITPOINT WARNING * * *
You block the gnoll's attack.
Unknown command.
You slash the gnoll!
The gnoll is almost dead.
You hit the gnoll. The gnoll hits you with a halberd.
* * * LOW HITPOINT WARNING * * *
The gnoll hits you with a spear.
You die...

...................#.....
.............####........
.............# #........
.............####.##.†...
.........................
.............####.##.....
................#........
.......)........#.###....
........@.......#.# #.#..
........gg......#.# #.#..
................... .....
................... ...
.............###... .
.............#
..............
.#.#.#####....


You could see 2 gnolls.

Vanquished Creatures
  The ghost of Nr616 the Sneak, an amateur SpEn (D:3)
  Natasha (thrice) (D:2)
  4 adders
  A gnoll (D:3)
  2 worms
  A dart slug (D:2)
  7 leopard geckos
  2 ball pythons
  2 giant cockroaches (D:1)
  9 goblins
  5 hobgoblins
  3 quokkas
  7 bats
  4 frilled lizards
  8 kobolds
  5 rats
64 creatures vanquished.

Notes
Turn   | Place    | Note
-------+----------+-------------------------------------------
     0 | D:1      | xccam the Formicid Fighter began the quest for the Orb.
     0 | D:1      | Reached XP level 1. HP: 18/18 MP: 1/1
   181 | D:1      | Reached XP level 2. HP: 21/24 MP: 2/2
   257 | D:1      | Reached skill level 3 in Axes
   469 | D:1      | Reached XP level 3. HP: 12/29 MP: 3/3
   995 | D:2      | Noticed Natasha
  1002 | D:2      | Killed Natasha
  1002 | D:2      | Reached skill level 4 in Axes
  1002 | D:2      | Reached XP level 4. HP: 28/35 MP: 4/4
  1260 | D:2      | Found an opulent altar of Gozag.
  1260 | D:2      | Found a stormy altar of Qazlal.
  1286 | D:2      | Noticed Natasha
  1292 | D:2      | Killed Natasha
  1292 | D:2      | Reached skill level 5 in Axes
  1292 | D:2      | Reached XP level 5. HP: 41/41 MP: 5/5
  1385 | D:2      | Noticed Natasha
  1396 | D:2      | Killed Natasha
  1520 | D:3      | Noticed Nr616's ghost (amateur SpEn)
  1535 | D:3      | Killed Nr616's ghost
  1535 | D:3      | Reached skill level 6 in Axes
  1535 | D:3      | Reached XP level 6. HP: 39/47 MP: 6/6
  1691 | D:3      | HP: 1/47 [gnoll/halberd (6)]
  1691 | D:3      | Slain by a gnoll

Vault maps used:
D:1:      minmay_arrival_arboretum_small
D:2:      gammafunk_temple_overflow_wave, uniq_natasha
D:3:      cheibrodos_old_hovel, amethyst_overflow_temple_binary, first_ration

Skill      XL: |  1  2  3  4  5 |
---------------+----------------+-----
Axes           | 3 4 5 6 |  6.3
Fighting       | |  3.2
Armour         | |  3.2
Shields        | |  3.6

Action                   |  1- 3 |  4- 6 || total
-------------------------+-------+-------++-------
Melee: War axe           |   130 |    97 ||   227
  Use: Potion            |       |     1 ||     1
  Eat: Chunk             |     1 |     2 ||     3
Armor: Scale mail        |    70 |    29 ||    99
Dodge: Dodged            |    30 |    38 ||    68
Block: Shield            |    75 |    52 ||   127

Table legend:
 A = Spawn XP
 B = Non-spawn XP
 C = Spawn XP percentage of total XP
 D = Spawn monster count
 E = Non-spawn monster count
 F = Spawn count percentage of total count
 G = Total turns spent on level
                    A         B        C        D         E        F      G
               +---------+---------+-------+---------+---------+-------+---------
         Total |       0 |     370 |   0.0 |       0 |      64 |   0.0 |  1691
               +---------+---------+-------+---------+---------+-------+---------
           D:1 |       0 |      45 |   0.0 |       0 |      28 |   0.0 |   832
           D:2 |       0 |     164 |   0.0 |       0 |      21 |   0.0 |   675
           D:3 |       0 |     161 |   0.0 |       0 |      15 |   0.0 |   184
               +---------+---------+-------+---------+---------+-------+---------
